HSSL
BISHOP VEROT HS @ MAIZE HS
04/03/2023
 
TOP OF THE 1ST
Bishop Verot HS batting - Pitching for Maize HS : RHP Josh Jenkins
Pitching: RHP Josh Jenkins
Batting: RHB Vincent Hancock 0-0: Called Strike
0-1: Ball
1-1: SINGLE (Groundball, 6MD)
Batting: RHB Luis Morales Pickoff Throw to First - Error! E1
Vincent Hancock to second
0-0: Ground out 6-3 (Groundball, 6)
Vincent Hancock to third
Batting: RHB Michael Hall 0-0: Ball
1-0: Foul Ball, location: 2F
1-1: Ball
2-1: Ball
3-1: Base on Balls
Batting: RHB Nick Vogel 0-0: Called Strike
0-1: Foul Ball, location: 2F
0-2: Ground out U3 (Groundball, 3)
Vincent Hancock scores
Michael Hall to second
Batting: RHB Terry Perkins 0-0: SINGLE (Groundball, 5D)
Michael Hall to third
Runner from 3rd tries for Home, SAFE, no throw or cutoff
Batting: LHB Rafael Yan 0-0: Ball
1-0: Foul Ball, location: 2F
1-1: Foul Ball, location: 2F
1-2: Ground out 6-3 (Groundball, 6)
Top of the 1st over - 2 run(s), 2 hit(s), 1 error(s), 1 left on base; Bishop Verot HS 2 - Maize HS 0
BOTTOM OF THE 1ST
Maize HS batting - Pitching for Bishop Verot HS : LHP Ray Morgan
Pitching: LHP Ray Morgan
Batting: RHB Lawrence Howard 0-0: Ball
1-0: Ball
2-0: Called Strike
2-1: Ball
3-1: Foul Ball, location: 2F
3-2: Foul Ball, location: 2F
3-2: Ground out 5-3 (Groundball, 56S)
Batting: RHB Miguel Hernández 0-0: Called Strike
0-1: Ball
1-1: Foul Ball, location: 2F
1-2: Foul Ball, location: 2F
1-2: Ball
2-2: Foul Ball, location: 2F
2-2: Strikes out swinging
Batting: RHB Norris Howard 0-0: Ball
1-0: Foul Ball, location: 2F
1-1: Ball
2-1: Ball
3-1: Reached on error, E5 (Groundball, 5S)
Batting: RHB Ryan Jackson 0-0: Ball
1-0: Fly out, F8 (Flyball, 8LS)
Bottom of the 1st over - 0 run(s), 0 hit(s), 1 error(s), 1 left on base; Bishop Verot HS 2 - Maize HS 0
TOP OF THE 2ND
Bishop Verot HS batting - Pitching for Maize HS : RHP Josh Jenkins
Batting: LHB Sandro Márquez 0-0: Ground out 4-3 (Groundball, 4)
Batting: RHB Peter Bishop 0-0: Called Strike
0-1: Reached on error, E6 (Groundball, 6)
Batting: RHB Reynaldo Gómez 0-0: Called Strike
0-1: Fielders Choice at 2nd, 5-4 (Groundball, 5L)
Batting: RHB Vincent Hancock 0-0: Called Strike
0-1: Foul Ball, location: 2F
0-2: Strikes out looking
Top of the 2nd over - 0 run(s), 0 hit(s), 1 error(s), 1 left on base; Bishop Verot HS 2 - Maize HS 0
BOTTOM OF THE 2ND
Maize HS batting - Pitching for Bishop Verot HS : LHP Ray Morgan
Batting: RHB José Murillo 0-0: Called Strike
0-1: Called Strike
0-2: Ground out 5-3 (Groundball, 5L)
Batting: RHB Álex Hernández 0-0: Foul Ball, location: 2F
0-1: Swinging Strike
0-2: Strikes out swinging
Batting: RHB Juan Romero 0-0: Swinging Strike
0-1: Ground out 5-3 (Groundball, 56)
Bottom of the 2nd over - 0 run(s), 0 hit(s), 0 error(s), 0 left on base; Bishop Verot HS 2 - Maize HS 0
TOP OF THE 3RD
Bishop Verot HS batting - Pitching for Maize HS : RHP Josh Jenkins
Batting: RHB Luis Morales 0-0: Ball
1-0: Swinging Strike
1-1: Ground out 6-3 (Groundball, 6M)
Now at SS: Bill Stephenson
Batting: RHB Michael Hall 0-0: Called Strike
0-1: Swinging Strike
0-2: Strikes out looking
Batting: RHB Nick Vogel 0-0: Called Strike
0-1: Ball
1-1: Ball
2-1: Swinging Strike
2-2: Ball
3-2: Base on Balls
Batting: RHB Terry Perkins 0-0: Ball
1-0: Foul Ball, location: 2F
1-1: Ball
2-1: Called Strike
2-2: Fly out, F9 (Flyball, 9M)
Top of the 3rd over - 0 run(s), 0 hit(s), 0 error(s), 1 left on base; Bishop Verot HS 2 - Maize HS 0
BOTTOM OF THE 3RD
Maize HS batting - Pitching for Bishop Verot HS : LHP Ray Morgan
Batting: LHB Glenn Scoville 0-0: Ball
1-0: Ball
2-0: Fly out, F8 (Flyball, 78D)
Batting: RHB Raúl González 0-0: Ball
1-0: Fly out, F9 (Flyball, 9LM)
Batting: RHB Lawrence Howard 0-0: Ball
1-0: Ball
2-0: Foul Ball, location: 2F
2-1: SOLO HOME RUN (Flyball, 78D), Distance : 427 ft
Batting: RHB Miguel Hernández 0-0: Ball
1-0: Swinging Strike
1-1: Swinging Strike
1-2: Ball
2-2: Ball
3-2: Base on Balls
Batting: RHB Norris Howard 0-0: DOUBLE (Groundball, 5L)
Miguel Hernández to third
Runner from 3rd tries for Home, SAFE, no throw or cutoff
Batting: RHB Ryan Jackson 0-0: Called Strike
0-1: Ball
1-1: Foul Ball, location: 2F
1-2: Ball
2-2: Ball
3-2: Base on Balls
Batting: RHB José Murillo 0-0: Called Strike
0-1: Called Strike
0-2: Strikes out swinging
Bottom of the 3rd over - 2 run(s), 2 hit(s), 0 error(s), 2 left on base; Bishop Verot HS 2 - Maize HS 2
TOP OF THE 4TH
Bishop Verot HS batting - Pitching for Maize HS : RHP Josh Jenkins
Batting: LHB Rafael Yan 0-0: SINGLE (Groundball, 3D)
Batting: LHB Sandro Márquez 0-0: Called Strike
0-1: Ball
1-1: Ball
2-1: Ball
Rafael Yan steals 2nd base
3-1: DOUBLE (Line Drive, 9LM)
Rafael Yan scores
Batting: RHB Peter Bishop 0-0: Ball
1-0: Ball
2-0: Ball
3-0: Base on Balls
Batting: RHB Reynaldo Gómez 0-0: Called Strike
0-1: Ball
1-1: Ball
2-1: Swinging Strike
2-2: Strikes out swinging
Batting: RHB Vincent Hancock 0-0: Called Strike
0-1: Ball
1-1: Ground out 5-3 (Groundball, 5S)
Sandro Márquez to third
Peter Bishop to second
Batting: RHB Luis Morales 0-0: Ball
1-0: Foul Ball, location: 2F
1-1: Ball
2-1: Foul Ball, location: 2F
2-2: Strikes out swinging
Top of the 4th over - 1 run(s), 2 hit(s), 0 error(s), 2 left on base; Bishop Verot HS 3 - Maize HS 2
BOTTOM OF THE 4TH
Maize HS batting - Pitching for Bishop Verot HS : LHP Ray Morgan
Batting: RHB Álex Hernández 0-0: Called Strike
0-1: Ball
1-1: Fly out, F9 (Line Drive, 9M)
Batting: LHB Bill Stephenson 0-0: Ball
1-0: Ground out U3 (Groundball, 3L)
Batting: LHB Glenn Scoville 0-0: Fly out, F9 (Flyball, 89M)
Bottom of the 4th over - 0 run(s), 0 hit(s), 0 error(s), 0 left on base; Bishop Verot HS 3 - Maize HS 2
TOP OF THE 5TH
Bishop Verot HS batting - Pitching for Maize HS : RHP Josh Jenkins
Batting: RHB Michael Hall 0-0: Ball
1-0: Fly out, F7 (Flyball, 7LM)
Batting: RHB Nick Vogel 0-0: Ball
1-0: Ball
2-0: Swinging Strike
2-1: Ball
3-1: Foul Ball, location: 2F
3-2: Foul Ball, location: 2F
3-2: Foul Ball, location: 2F
3-2: Base on Balls
Batting: RHB Terry Perkins 0-0: Swinging Strike
0-1: Ball
1-1: Foul Ball, location: 2F
1-2: Ball
2-2: Strikes out swinging
Pitching: RHP Russ Underwood
Batting: LHB Rafael Yan 0-0: Ground out 4-3 (Groundball, 34)
Top of the 5th over - 0 run(s), 0 hit(s), 0 error(s), 1 left on base; Bishop Verot HS 3 - Maize HS 2
BOTTOM OF THE 5TH
Maize HS batting - Pitching for Bishop Verot HS : LHP Ray Morgan
Batting: RHB Raúl González 0-0: Foul Ball, location: 2F
0-1: Ball
1-1: Foul Ball, location: 2F
1-2: Ball
2-2: Ground out U3 (Groundball, 3)
Batting: RHB Lawrence Howard 0-0: Called Strike
0-1: SINGLE (Groundball, 25) (infield hit)
Batting: RHB Miguel Hernández 0-0: Ball
1-0: Foul Ball, location: 2F
1-1: Ball
2-1: Called Strike
2-2: Ball
3-2: Foul Ball, location: 2F
3-2: Ground out 6-3 (Groundball, 6M)
Lawrence Howard to second
Batting: RHB Norris Howard 0-0: SINGLE (Line Drive, 6MD)
Lawrence Howard to third
Runner from 3rd tries for Home, SAFE, no throw or cutoff
Batting: RHB Ryan Jackson 0-0: Foul Ball, location: 2F
0-1: Called Strike
0-2: Ball
1-2: Ball
2-2: Foul Ball, location: 2F
2-2: Foul Ball, location: 2F
2-2: SINGLE (Groundball, 56D)
Norris Howard to second
Pitching: RHP John Harris
Batting: RHB José Murillo 0-0: Fielders Choice at 2nd, U6 (Groundball, 6M)
Bottom of the 5th over - 1 run(s), 3 hit(s), 0 error(s), 2 left on base; Bishop Verot HS 3 - Maize HS 3
TOP OF THE 6TH
Bishop Verot HS batting - Pitching for Maize HS : RHP Russ Underwood
Batting: LHB Sandro Márquez 0-0: Ball
1-0: SINGLE (Line Drive, 34D)
Batting: RHB Peter Bishop 0-0: Ball
1-0: Called Strike
1-1: Fly out, F8 (Flyball, 8LM)
Batting: RHB Reynaldo Gómez 0-0: Ball
1-0: Ground out 5-3 (Groundball, 56S)
Sandro Márquez to second
Batting: RHB Vincent Hancock 0-0: Foul Ball, location: 2F
0-1: Fly out, F9 (Line Drive, 89M)
Top of the 6th over - 0 run(s), 1 hit(s), 0 error(s), 1 left on base; Bishop Verot HS 3 - Maize HS 3
BOTTOM OF THE 6TH
Maize HS batting - Pitching for Bishop Verot HS : RHP John Harris
Batting: RHB Álex Hernández 0-0: Ball
1-0: Called Strike
1-1: Foul Ball, location: 2F
1-2: Strikes out swinging
Batting: LHB Bill Stephenson 0-0: Ball
1-0: Swinging Strike
1-1: Called Strike
1-2: Strikes out swinging
Batting: LHB Glenn Scoville 0-0: Called Strike
0-1: Ball
1-1: Ball
2-1: Swinging Strike
2-2: SINGLE (Groundball, 34)
Batting: RHB Raúl González 0-0: Ball
1-0: Foul Ball, location: 2F
1-1: Ball
2-1: Ball
3-1: Foul Ball, location: 2F
3-2: Foul Ball, location: 2F
3-2: Base on Balls
Glenn Scoville to second
Batting: RHB Lawrence Howard 0-0: Called Strike
0-1: Foul Ball, location: 2F
0-2: Hit by Pitch
Glenn Scoville to third
Raúl González to second
Batting: RHB Miguel Hernández 0-0: Ball
1-0: Ball
2-0: Ball
3-0: Base on Balls
Glenn Scoville scores
Raúl González to third
Lawrence Howard to second
Batting: RHB Norris Howard 0-0: Ball
1-0: Fly out, F8 (Popup, 8LS)
Bottom of the 6th over - 1 run(s), 1 hit(s), 0 error(s), 3 left on base; Bishop Verot HS 3 - Maize HS 4
TOP OF THE 7TH
Bishop Verot HS batting - Pitching for Maize HS : RHP Russ Underwood
Batting: RHB Luis Morales 0-0: Ball
1-0: SINGLE (Line Drive, 56D)
Batting: RHB Michael Hall 0-0: Ball
1-0: Called Strike
1-1: Ball
2-1: Called Strike
2-2: Fielders Choice at 2nd, 5-4 (Groundball, 56)
Batting: RHB Nick Vogel 0-0: Ball
Michael Hall is caught stealing 2nd base
1-0: Reached on error, E4 (Groundball, 4)
Batting: RHB Terry Perkins 0-0: Ground out 4-3 (Groundball, 4)
Top of the 7th over - 0 run(s), 1 hit(s), 1 error(s), 1 left on base; Bishop Verot HS 3 - Maize HS 4
BOTTOM OF THE 7TH
Maize HS batting - Pitching for Bishop Verot HS : RHP John Harris
Batting: RHB Ryan Jackson 0-0: Ball
1-0: Ball
2-0: Ball
3-0: Called Strike
3-1: Swinging Strike
3-2: SINGLE (Line Drive, 4MD)
Batting: RHB José Murillo 0-0: Ball
1-0: Ball
2-0: Ball
3-0: Base on Balls
Ryan Jackson to second
Pitching: RHP Claudio García
Batting: RHB Álex Hernández 0-0: Swinging Strike
0-1: Ball
Wild Pitch!
Ryan Jackson to third
José Murillo to second
1-1: Intentional Walk
Batting: LHB Bill Stephenson 0-0: SINGLE (Flyball, 8LS)
Ryan Jackson scores
José Murillo to third
Álex Hernández to second
Batting: LHB Glenn Scoville 0-0: DOUBLE (Line Drive, 78S)
José Murillo scores
Álex Hernández scores
Bill Stephenson to third
Batting: RHB Raúl González 0-0: Ball
1-0: Called Strike
1-1: Fly out, F2 (Popup, 2L)
Batting: RHB Lawrence Howard 0-0: Fly out, F8 (Flyball, 8RM)
Runner from 3rd tags up, SCORES, no throw
Batting: RHB Miguel Hernández 0-0: Called Strike
0-1: Ball
1-1: Ball
2-1: Foul Ball, location: 2F
2-2: Foul Ball, location: 2F
2-2: Ball
3-2: Base on Balls
Batting: RHB Norris Howard 0-0: Ball
1-0: Foul Ball, location: 2F
1-1: DOUBLE (Line Drive, 7LS)
Glenn Scoville scores
Miguel Hernández to third
Pitching: RHP Bryan Smith
Batting: RHB Ryan Jackson 0-0: SINGLE (Line Drive, 7S)
Miguel Hernández scores
Norris Howard to third
Runner from 3rd tries for Home, SAFE, no throw or cutoff
Batting: RHB José Murillo 0-0: Swinging Strike
0-1: Swinging Strike
0-2: Strikes out swinging
Bottom of the 7th over - 7 run(s), 5 hit(s), 0 error(s), 1 left on base; Bishop Verot HS 3 - Maize HS 11
TOP OF THE 8TH
Bishop Verot HS batting - Pitching for Maize HS : RHP Russ Underwood
Pitching: RHP Ramón Freitas
Now at 1B: Carl Hodge
Batting: LHB Rafael Yan 0-0: Ball
1-0: Ball
2-0: Called Strike
2-1: Ball
3-1: SINGLE (Line Drive, 7LS)
Batting: LHB Sandro Márquez 0-0: Called Strike
0-1: Swinging Strike
0-2: Ball
1-2: Ball
2-2: Strikes out looking
Batting: RHB Peter Bishop 0-0: 2-RUN HOME RUN (Flyball, 7D), Distance : 388 ft
Batting: RHB Reynaldo Gómez 0-0: SINGLE (Groundball, 6M)
Batting: RHB Vincent Hancock 0-0: Ball
1-0: SINGLE (Groundball, 4D)
Reynaldo Gómez to second
Runner from 2nd tries for 3rd, SAFE, throw made to third
Batting: RHB Luis Morales 0-0: Ball
1-0: Called Strike
1-1: Ground out 5-3 (Groundball, 56S)
Reynaldo Gómez scores
Vincent Hancock to second
Pitching: RHP Dave Wilson
Batting: RHB Michael Hall 0-0: Ball
1-0: Ball
2-0: Foul Ball, location: 2F
2-1: Swinging Strike
2-2: Foul Ball, location: 2F
2-2: Foul Ball, location: 2F
2-2: Ball
3-2: Base on Balls
Batting: RHB Nick Vogel 0-0: Ball
1-0: Called Strike
1-1: Called Strike
1-2: SINGLE (Groundball, 4M)
Vincent Hancock to third
Michael Hall to second
Runner from 3rd tries for Home, SAFE, no throw or cutoff
Pitching: LHP Dan Thompson
Batting: RHB Terry Perkins 0-0: Ball
1-0: Ball
2-0: Swinging Strike
2-1: Foul Ball, location: 2F
2-2: Strikes out looking
Top of the 8th over - 4 run(s), 5 hit(s), 0 error(s), 2 left on base; Bishop Verot HS 7 - Maize HS 11
BOTTOM OF THE 8TH
Maize HS batting - Pitching for Bishop Verot HS : RHP Bryan Smith
Batting: RHB Álex Hernández 0-0: Ball
1-0: Ball
2-0: Ball
3-0: Base on Balls
Batting: LHB Bill Stephenson 0-0: Sac Bunt - play at first, batter OUT! 2-3
Álex Hernández to second
Batting: LHB Glenn Scoville 0-0: Ground out 5-3 (Groundball, 56S)
Álex Hernández to third
Batting: RHB Raúl González 0-0: Ball
1-0: Foul Ball, location: 2F
1-1: Called Strike
1-2: Ball
2-2: Ball
3-2: Foul Ball, location: 2F
3-2: Foul Ball, location: 2F
3-2: Base on Balls
Batting: RHB Lawrence Howard 0-0: Ball
1-0: Fielders Choice at 2nd, 6-4 (Groundball, 6)
Bottom of the 8th over - 0 run(s), 0 hit(s), 0 error(s), 1 left on base; Bishop Verot HS 7 - Maize HS 11
TOP OF THE 9TH
Bishop Verot HS batting - Pitching for Maize HS : LHP Dan Thompson
Batting: LHB Rafael Yan 0-0: Ball
1-0: Swinging Strike
1-1: Swinging Strike
1-2: Strikes out looking
Batting: LHB Sandro Márquez 0-0: Swinging Strike
0-1: Ball
1-1: Swinging Strike
1-2: Strikes out swinging
Batting: RHB Peter Bishop 0-0: Ball
1-0: Foul Ball, location: 2F
1-1: Swinging Strike
1-2: Ball
2-2: Ball
3-2: Fly out, F7 (Flyball, 7LM)
Top of the 9th over - 0 run(s), 0 hit(s), 0 error(s), 0 left on base; Bishop Verot HS 7 - Maize HS 11
This league is powered by Out of the Park Baseball, the baseball management simulation game for PC, Mac and Linux
Wednesday, December 2nd, 2015 - OOTP Baseball 16.8 Build 38